 Dungeon Crawl Stone Soup version 0.19-a0-1920-g83281cb (webtiles) character file.

800 Kirk the Chopper (level 8, 0/58 HPs)
             Began as a Formicid Fighter on Oct 23, 2016.
             Slain by a centaur (3 damage)
             ... on level 5 of the Dungeon.
             The game lasted 00:06:48 (3659 turns).

Kirk the Chopper (Formicid Fighter)                 Turns: 3659, Time: 00:06:49

Health: 0/58       AC:  8    Str: 26    XL:     8   Next: 13%
Magic:  8/8        EV: 10    Int:  7    God:
Gold:   144        SH:  0    Dex: 10    Spells: 0 memorised, 7 levels left

rFire  . . .     SeeInvis +     a - +0 war axe
rCold  . . .     Gourm    .     b - +0 scale mail
rNeg   + . .     Faith    .     (no shield)
rPois  .         Spirit   .     (helmet unavailable)
rElec  .         Reflect  .     (no cloak)
rCorr  .         Harm     .     i - +0 pair of gloves
MR     .....                    (no boots)
Stlth  ..........               (no amulet)
                                j - +2 ring of strength
                                p - ring of positive energy

@: lethally poisoned (0 -> -5)
A: permanent stasis, dig shafts and tunnels, four strong arms, antennae 3
a: Dig, Shaft Self


You were on level 5 of the Dungeon.
You were not hungry.

You visited 1 branch of the dungeon, and saw 5 of its levels.

You collected 144 gold pieces.

Inventory:

Hand Weapons
 a - a +0 war axe (weapon)
Missiles
 g - a throwing net (quivered)
Armour
 b - a +0 scale mail (worn)
 c - a +1 shield
 i - a +0 pair of gloves (worn)
Jewellery
 e - an uncursed amulet of faith
 j - a +2 ring of strength (right hand)
 p - a ring of positive energy (left hand)
Scrolls
 l - 6 scrolls of identify
 m - 2 scrolls of enchant armour
Comestibles
 f - 2 bread rations
 h - 3 meat rations


   Skills:
 - Level 3.2 Fighting
 + Level 7.6 Axes
 + Level 5.7 Armour
 - Level 3.6 Shields


You had 7 spell levels left.
You didn't know any spells.

Dungeon Overview and Level Annotations

Branches:
Dungeon (5/15)
 Temple: D:4-7

Altars:
The Shining One

Annotations:
D:4 Tabu's ghost, amateur HESk


Innate Abilities, Weirdness & Mutations

You are under a permanent stasis effect.
You can dig through walls and to a lower floor.
Your four strong arms can wield two-handed weapons with a shield.
You have a pair of large antennae on your head. (SInv)


Message History

The orc priest invokes the aid of Beogh against you.
Pain shoots through your body!
* * * LOW HITPOINT WARNING * * *
Unknown command.
You slash the centaur!
The centaur is moderately wounded.
You closely miss the worker ant. You barely miss the orc priest.
The centaur barely misses you.
The worker ant bites you but does no damage.
The orc priest barely misses you. The centaur hits you!
* * * LOW HITPOINT WARNING * * *
You closely miss the centaur.
The centaur is moderately wounded.
You hit the worker ant. You slash the orc priest!
You kill the orc priest!
The worker ant bites you.
* * * LOW HITPOINT WARNING * * *
You are lethally poisoned!
The worker ant poisons you! The centaur hits you.
You die...

{ {
#########.
#..$......
#).c......
#)@a......
#(.).....#
#........#
#......(.#
#........#
#........#
<#########
.


You could see a centaur and a worker ant.

Vanquished Creatures
  The ghost of kinazarov the Sneak, an amateur VSEn of Uskayaw (D:3)
  A bullfrog (D:4)
  A crimson imp (D:4)
  A hound (D:4)
  8 orc priests
  4 orc wizards
  A worker ant (D:4)
  6 adders
  4 gnolls (D:3)
  An ooze (D:3)
  3 worms
  A leopard gecko (D:3)
  12 orcs
  A ball python (D:1)
  4 bats
  3 giant cockroaches
  8 goblins
  6 hobgoblins
  13 jackals (D:3)
  2 quokkas
  6 frilled lizards
  A goblin skeleton (D:4)
  A goblin zombie (D:4)
  4 hobgoblin zombies (D:4)
  9 kobolds
  A kobold skeleton (D:4)
  A kobold zombie (D:4)
  5 orc zombies (D:4)
  6 rats
115 creatures vanquished.

Notes
Turn   | Place    | Note
-------+----------+-------------------------------------------
     0 | D:1      | Kirk the Formicid Fighter began the quest for the Orb.
     0 | D:1      | Reached XP level 1. HP: 18/18 MP: 1/1
    80 | D:1      | Reached XP level 2. HP: 21/24 MP: 2/2
   562 | D:2      | Reached XP level 3. HP: 24/29 MP: 3/3
   780 | D:2      | HP: 2/43 [frilled lizard (1)]
   785 | D:2      | Reached skill level 3 in Axes
  1063 | D:2      | Found a faded altar of an unknown god.
  1452 | D:2      | Reached XP level 4. HP: 24/35 MP: 4/4
  1588 | D:3      | Reached skill level 4 in Axes
  1588 | D:3      | Reached XP level 5. HP: 33/41 MP: 5/5
  1928 | D:3      | Noticed kinazarov's ghost (amateur VSEn)
  1963 | D:3      | Reached XP level 6. HP: 47/47 MP: 6/6
  2126 | D:3      | Reached skill level 5 in Axes
  2205 | D:3      | Killed kinazarov's ghost
  2205 | D:3      | Reached skill level 5 in Armour
  2209 | D:3      | Reached XP level 7. HP: 23/52 MP: 7/7
  2212 | D:3      | Reached skill level 6 in Axes
  2737 | D:4      | Found a glowing golden altar of the Shining One.
  2944 | D:4      | Reached skill level 7 in Axes
  3375 | D:4      | Reached XP level 8. HP: 54/58 MP: 8/8
  3614 | D:4      | Noticed Tabu's ghost (amateur HESk)
  3633 | D:4      | HP: 2/58 [Tabu's ghost (19)]
  3650 | D:5      | Entered Level 5 of the Dungeon
  3659 | D:5      | Slain by a centaur

Vault maps used:
D:1:      enne_arrival_octagon_isle, kennysheep_pointless_box
D:2:      ecumenical_altar_1
D:3:      cheibrodos_greedy_goblins, first_bread
D:4:      nicolae_tso_besieged_by_evil
D:5:      basic_altar, lightli_sewer_entry_pipes

Skill      XL: |  1  2  3  4  5  6  7 |
---------------+----------------------+-----
Armour         | 4 5 |  5.7
Axes           | 3 4 5 7 |  7.6
Fighting       | |  3.2
Shields        | |  3.6

Action                   |  1- 3 |  4- 6 |  7- 9 || total
-------------------------+-------+-------+-------++-------
Melee: War axe           |   116 |    76 |   148 ||   340
  Use: Potion            |     4 |     3 |     1 ||     8
       Scroll            |       |     6 |     2 ||     8
  Eat: Chunk             |     1 |     3 |     5 ||     9
Armor: Scale mail        |    72 |    30 |    51 ||   153
       Skin              |    13 |       |       ||    13
Dodge: Dodged            |    79 |    49 |    93 ||   221
